 Dungeon Crawl Stone Soup version 0.31.0-11-ge490571c62 (webtiles) character file.

Game seed: 10945404129721132555

130 qw the Skirmisher (level 4, -1/25 HPs)
             Began as a Deep Elf Hunter on Feb 3, 2024.
             Slain by a scorpion (3 damage)
             ... on level 2 of the Dungeon.
             The game lasted 00:00:04 (1707 turns).

qw the Skirmisher (Deep Elf Hunter)                 Turns: 1707, Time: 00:00:05

Health: -1/25      AC:  7    Str: 10    XL:     4   Next: 89%
Magic:  6/6        EV: 11    Int: 14    God:
Gold:   81         SH:  0    Dex: 18    Spells: 3/3 levels left

rFire   . . .        a - +0 shortbow
rCold   . . .        (shield currently unavailable)
rNeg    . . .        j - +0 ring mail
rPois   .            (no helmet)
rElec   .            b - +0 cloak
rCorr   .            (no gloves)
SInv    .            f - +0 pair of boots
Will    .....        (no amulet)
Stlth   +            (no ring)
HPRegen 0.24/turn    (no ring)
MPRegen 0.10/turn

%: no passive effects
@: hasted, very quick
A: no striking features
a: no special abilities


You were on level 2 of the Dungeon.
You visited 1 branch of the dungeon, and saw 3 of its levels.

You collected 81 gold pieces.


   Skills:
 - Level 1.5 Fighting
 + Level 8.3 Ranged Weapons
 - Level 2.4 Dodging
 - Level 1.2 Stealth


You had 3 spell levels left.
You didn't know any spells.
Your spell library was empty.

Inventory:

Hand Weapons
 a - a +0 shortbow (weapon)
Armour
 b - a +0 cloak (worn)
 f - a +0 pair of boots (worn)
 j - a +0 ring mail (worn)
Potions
 k - a potion of curing
 m - a potion of magic {unknown}

Dungeon Overview and Level Annotations

Branches:
Dungeon (3/15)

Altars:


Message History

You feel sick. The scorpion stings you.
You shoot an arrow. The arrow hits the scorpion.
The scorpion is moderately wounded.
You feel sick. The scorpion stings you.
You shoot an arrow. The arrow hits the scorpion.
The scorpion is moderately wounded.
You feel sick.
The scorpion stings you but does no damage.
You shoot an arrow. The arrow barely misses the scorpion.
You feel sick. The scorpion stings you.
You shoot an arrow. The arrow barely misses the scorpion.
The scorpion barely misses you.
You shoot an arrow.
The arrow hits the scorpion but does no damage.
The scorpion is moderately wounded.
You feel sick.
You shoot an arrow. The arrow barely misses the scorpion.
You feel sick.
You are no longer poisoned.
The scorpion closely misses you.
You shoot an arrow.
The arrow completely misses the scorpion.
The scorpion barely misses you.
You shoot an arrow.
The arrow hits the scorpion but does no damage.
The scorpion is moderately wounded.
The scorpion barely misses you.
You shoot an arrow. The arrow hits the scorpion.
The scorpion is severely wounded.
The scorpion stings you but does no damage.
You shoot an arrow. The arrow closely misses the scorpion.
The scorpion stings you but does no damage.
You shoot an arrow.
The arrow hits the scorpion but does no damage.
The scorpion is severely wounded.
The scorpion closely misses you.
You shoot an arrow. The arrow hits the scorpion.
The scorpion is severely wounded.
The scorpion stings you.
You die...

#.# #######.# #.###. #.#
#.######.###. #.#
#.....##.###. #.#
#.###.##.###. #.# #.#
#....##.. #.# #.###.#####..
#.# #............ #.#
########.#.##.#####. #.#
#.s@.....#.##.# ###. #.#
#.########.##_# #### #.# #.#
#.##.# ####
#.#######.########.##.# ####
#..................##.# ####
######.##...#########.# ####
##########.#.....## #.#
#.................#######.#
##.######........[.........#


You could see a scorpion.

Vanquished Creatures
  A phantom (D:2)
  An adder (D:2)
  A ribbon worm (D:2)
  5 bats
  3 endoplasms
  5 goblins
  4 hobgoblins (D:1)
  4 jackals (D:1)
  A quokka (D:1)
  2 ball pythons (D:1)
  4 frilled lizards
  4 kobolds
  7 rats
42 creatures vanquished.

Notes
Turn   | Place    | Note
-------+----------+-------------------------------------------
     0 | D:1      | qw the Deep Elf Hunter began the quest for the Orb.
     0 | D:1      | Reached XP level 1. HP: 12/12 MP: 3/3
     0 | D:1      | 0 ||| qw: Version: 0.3-a-158-g18b3111
     0 | D:1      | 0 ||| qw: Game counter: 4203
     0 | D:1      | 0 ||| qw: Melee chars always use a shield: true
     0 | D:1      | 0 ||| qw: God list: Okawaru
     0 | D:1      | 0 ||| qw: Allow faded altars: false
     0 | D:1      | 0 ||| qw: Do Orc after clearing Dungeon:15 true
     0 | D:1      | 0 ||| qw: Do second Lair branch before Depths: true
     0 | D:1      | 0 ||| qw: Lair rune preference: random
     0 | D:1      | 0 ||| qw: Goals: Normal
     0 | D:1      | 0 ||| PLANNING D:1-11
   241 | D:1      | Reached skill level 6 in Ranged Weapons
   241 | D:1      | Reached XP level 2. HP: 16/16 MP: 4/4
   669 | D:1      | Reached XP level 3. HP: 20/20 MP: 5/5
   903 | D:1      | 903 ||| UPGRADING to +0 pair of boots.
   908 | D:1      | 908 ||| READING scroll labelled IQIHIR ZAFIC.
   908 | D:1      | 908 ||| IDENTIFYING orange potion
   909 | D:1      | 909 ||| DROPPING scroll of butterflies.
  1043 | D:2      | Found a faded altar of an unknown god.
  1083 | D:2      | Noticed a phantom
  1086 | D:2      | 1086 ||| DRINKING 2 potions of haste.
  1095 | D:2      | Killed a phantom
  1096 | D:2      | Reached skill level 8 in Ranged Weapons
  1096 | D:2      | Reached XP level 4. HP: 12/25 MP: 6/6
  1603 | D:2      | 1603 ||| UPGRADING to +0 cloak.
  1608 | D:2      | 1608 ||| UPGRADING to +0 ring mail.
  1618 | D:2      | 1618 ||| DROPPING +0 leather armour.
  1619 | D:2      | 1619 ||| READING scroll of identify.
  1619 | D:2      | 1619 ||| IDENTIFYING golden potion
  1620 | D:2      | 1620 ||| READING scroll labelled ESMAWN ETUMISU.
  1621 | D:2      | 1621 ||| READING scroll labelled FEAGA INIVYNYNUV.
  1622 | D:2      | 1622 ||| READING scroll labelled POM IVACAZ.
  1623 | D:2      | 1623 ||| DRINKING 2 clear potions.
  1660 | D:2      | 1660 ||| DROPPING potion of lignification.
  1682 | D:3      | Noticed a scorpion
  1683 | D:3      | 1683 ||| DRINKING potion of haste.
  1687 | D:3      | 1687 ||| STAIRDANCE
  1696 | D:2      | HP: 6/25 [poisoned by a scorpion]
  1700 | D:2      | HP: 2/25 [poisoned by a scorpion]
  1707 | D:2      | Slain by a scorpion

Levels and vault maps discovered:
D:1:      doesnt_arrival_eight_statues, layout_basic
D:2:      layout_loops_ring, basic_ecumenical_altar, minmay_misc_feat_pillars,
          minivault_26
D:3:      layout_basic, elyvilon_altar_4, kennysheep_nondescript,
          grunt_decor_cap

Skill      XL: |  1  2  3 |
---------------+----------+-----
Ranged Weapons | 6 8 |  8.3
Fighting       | |  1.5
Dodging        | |  2.4
Stealth        | |  1.2

Action                     |  1- 3 |  4- 6 || total
---------------------------+-------+-------++-------
   Fire: Shortbow          |    75 |    46 ||   121
    Use: Scroll            |     1 |     4 ||     5
         Potion            |     1 |     2 ||     3
 Armour: Leather armour    |     9 |     3 ||    12
         Ring mail         |       |    12 ||    12
  Dodge: Dodged            |    10 |    12 ||    22

Table legend:
 A = Non-vault XP
 B = Vault XP
 C = Vault XP percentage of total XP
 D = Non-vault monster count
 E = Vault monster count
 F = Vault count percentage of total count
                 A         B        C        D         E       F
            +---------+---------+-------+---------+---------+-------
      Total |     186 |       0 |   0.0 |      42 |       0 |   0.0
            +---------+---------+-------+---------+---------+-------
        D:1 |      43 |       0 |   0.0 |      27 |       0 |   0.0
        D:2 |     142 |       0 |   0.0 |      14 |       0 |   0.0
        D:3 |       1 |       0 |   0.0 |       1 |       0 |   0.0
            +---------+---------+-------+---------+---------+-------
